 Dungeon Crawl Stone Soup version 0.19.5 (webtiles) character file.

842 JeffiDaFish the Shield-Bearer (level 8, 0/48 HPs)
             Began as a Gargoyle Fighter on Mar 6, 2017.
             Was a Believer of Okawaru.
             Slain by an orc (3 damage)
             ... on level 6 of the Dungeon.
             The game lasted 00:14:49 (4058 turns).

JeffiDaFish the Shield-Bearer (Gargoyle Fighter)    Turns: 4058, Time: 00:14:50

Health: 0/48       AC: 19    Str: 20    XL:     8   Next: 0%
Magic:  8/8        EV:  4    Int:  9    God:    Okawaru [**....]
Gold:   266        SH: 17    Dex: 11    Spells: 0 memorised, 7 levels left

rFire  . . .     SeeInvis .     a - +1 flail
rCold  . . .     Gourm    .     g - +0 chain mail
rNeg   + + .     Faith    .     c - +2 large shield
rPois  ∞         Spirit   .     (no helmet)
rElec  +         Reflect  .     (no cloak)
rCorr  .         Harm     .     m - +0 pair of gloves (curse)
MR     .....                    l - +2 pair of boots
Stlth  ..........               (no amulet)
                                (no ring)
                                d - ring of positive energy

@: no status effects
A: negative energy resistance 1, electricity resistance, unbreathing,
petrification resistance, rot immunity, AC +5
a: Heroism, Renounce Religion


You were on level 6 of the Dungeon.
You worshipped Okawaru.
Okawaru was pleased with you.
You were not hungry.

You visited 1 branch of the dungeon, and saw 6 of its levels.

You collected 266 gold pieces.

Inventory:

Hand Weapons
 a - a +1 flail (weapon)
Armour
 c - a +2 large shield (worn)
 g - a +0 chain mail (worn)
 l - a +2 pair of boots (worn)
 m - a cursed +0 pair of gloves (worn)
Jewellery
 d - a ring of positive energy (left hand)
Scrolls
 e - 2 scrolls of magic mapping
 j - 3 scrolls of identify
 o - a scroll of enchant weapon
Potions
 h - 7 potions of curing
Books
 n - a book of Changes

   Spells                             Type                      Level
   a - Beastly Appendage              Transmutation                1
   b - Sticks to Snakes               Transmutation                2
   c - Spider Form                    Transmutation/Poison         3
   d - Ice Form                       Ice/Transmutation            4
   e - Blade Hands                    Transmutation                5
Comestibles
 b - 7 chunks of flesh
 f - 3 bread rations
 i - 3 meat rations
 k - 3 beef jerkies


   Skills:
 + Level 4.7 Fighting
 + Level 5.3 Maces & Flails
 + Level 4.5 Armour
 + Level 1.9 Dodging
 + Level 0.8 Stealth
 + Level 6.2 Shields


You had 7 spell levels left.
You didn't know any spells.

Dungeon Overview and Level Annotations

Branches:
Dungeon (6/15)
 Temple: D:4-7

Altars:
Cheibriados
Dithmenos
Hepliaklqana
Kikubaaqudgha
Okawaru
Vehumet
Zin
The Shining One


Innate Abilities, Weirdness & Mutations

You are resistant to torment.
Your stone body is resilient. (AC +5)
You are immune to poison.
You resist negative energy. (rN+)
You are resistant to electric shocks. (rElec)
You can survive without breathing.
You are immune to petrification.
You are immune to rotting.


Message History

You block the orc's attack. x2
The orc warrior hits you with a dire flail!
The orc barely misses you.
You hit the orc warrior.
The orc warrior is lightly wounded.
You block the orc's attack. You block the orc warrior's attack.
The orc hits you but does no damage. x2
You hit the orc warrior.
The orc warrior is moderately wounded.
You block the orc warrior's attack. The orc hits you but does no damage. x2
The orc warrior hits you with a dire flail!
* * * LOW HITPOINT WARNING * * *
You hit the orc warrior but do no damage.
The orc warrior is moderately wounded.
The orc barely misses you. The orc hits you but does no damage.
You block the orc warrior's attack. The orc barely misses you.
You sock the orc warrior!
The orc warrior is severely wounded.
The orc hits you.
You die...

.......# #...... #.....#
#.....# . #.....##..
#......... ### #.oo..#
###.# #o@...#
#+#####...# # #.....#
..........# #. #.....#
...........
##..##.$...###+#####..##
+..........##.....##..##
##..##.....##.........#.
##..##.....##.........#.
...........##.....##..#.
...........##.....##..#.


You could see an orc warrior and 2 orcs.

Vanquished Creatures
  Grinder (D:4)
  A sky beast (D:5)
  An ogre (D:5)
  A centaur (D:5)
  A howler monkey (D:4)
  A bullfrog zombie (D:5)
  2 hounds
  A jelly (D:5)
  Ijyb (D:3)
  2 worker ants
  7 adders
  3 oozes
  2 dart slugs
  A leopard gecko (D:1)
  9 orcs
  3 ball pythons
  4 giant cockroaches
  13 goblins
  7 hobgoblins
  6 jackals
  7 kobolds
  A quokka (D:5)
  7 bats
  4 frilled lizards
  2 giant cockroach zombies (D:5)
  2 quokka skeletons (D:4)
  5 rats
95 creatures vanquished.

Vanquished Creatures (others)
  An adder (D:3)
  A leopard gecko (D:3)
2 creatures vanquished.

Grand Total: 97 creatures vanquished

Notes
Turn   | Place    | Note
-------+----------+-------------------------------------------
     0 | D:1      | JeffiDaFish the Gargoyle Fighter began the quest for the Orb.
     0 | D:1      | Reached XP level 1. HP: 14/14 MP: 1/1
   193 | D:1      | Reached XP level 2. HP: 19/19 MP: 2/2
   572 | D:1      | Reached XP level 3. HP: 20/23 MP: 3/3
   909 | D:2      | Found an ancient bone altar of Kikubaaqudgha.
  1345 | D:2      | Reached skill level 1 in Dodging
  1547 | D:2      | Reached XP level 4. HP: 27/29 MP: 4/4
  1560 | D:3      | Found an iron altar of Okawaru.
  1701 | D:3      | Became a worshipper of Warmaster Okawaru
  1740 | D:3      | Found a radiant altar of Vehumet.
  1902 | D:3      | Reached skill level 4 in Shields
  2035 | D:3      | Noticed Ijyb
  2047 | D:3      | Killed Ijyb
  2047 | D:3      | Reached XP level 5. HP: 2/33 MP: 5/5
  2615 | D:3      | Found a hazy altar of Hepliaklqana.
  2748 | D:4      | Noticed Grinder
  2768 | D:4      | Killed Grinder
  2768 | D:4      | Reached * piety under Okawaru
  2768 | D:4      | Reached XP level 6. HP: 29/38 MP: 6/6
  3188 | D:4      | Reached skill level 5 in Shields
  3226 | D:4      | Found a glowing silver altar of Zin.
  3227 | D:4      | Found a glowing golden altar of the Shining One.
  3322 | D:5      | Entered Level 5 of the Dungeon
  3356 | D:5      | Reached XP level 7. HP: 43/43 MP: 7/7
  3717 | D:5      | Reached ** piety under Okawaru
  3717 | D:5      | Reached skill level 6 in Shields
  3779 | D:5      | Reached skill level 5 in Maces & Flails
  3834 | D:5      | Found a shadowy altar of Dithmenos.
  3906 | D:5      | Found a snail-covered altar of Cheibriados.
  3998 | D:6      | Reached XP level 8. HP: 45/48 MP: 8/8
  4056 | D:6      | HP: 2/48 [orc warrior/dire flail (14)]
  4058 | D:6      | Slain by an orc

Skill      XL: |  1  2  3  4  5  6  7 |
---------------+----------------------+-----
Dodging        | 1 |  1.9
Shields        | 4 5 6 |  6.2
Maces & Flails | 3 4 5 |  5.3
Fighting       | 4 |  4.7
Armour         | 4 |  4.5
Stealth        | |  0.8

Action                   |  1- 3 |  4- 6 |  7- 9 || total
-------------------------+-------+-------+-------++-------
Melee: Flail             |   137 |   156 |   136 ||   429
  Use: Scroll            |     5 |     7 |       ||    12
       Potion            |     2 |     3 |       ||     5
 Stab: Invisible         |     1 |       |       ||     1
  Eat: Chunk             |     3 |     6 |     2 ||    11
Armor: Scale mail        |    82 |    33 |       ||   115
       Chain mail        |       |    48 |   120 ||   168
Dodge: Dodged            |    44 |    27 |    29 ||   100
Block: Shield            |    93 |    71 |       ||   164
       Large shield      |       |    42 |   187 ||   229
